 Dungeon Crawl Stone Soup version 0.30-a0-778-g2ef04afb54 (webtiles) character file.

Game seed: 16304605301901163537

79 Smoke131 the Trooper (level 4, -3/48 HPs)
             Began as an Ogre Gladiator on Feb 16, 2023.
             Killed by nerve-wracking pain
             ... invoked by Grinder
              (11 damage)
             ... on level 3 of the Dungeon.
             The game lasted 00:03:41 (1817 turns).

Smoke131 the Trooper (Ogre Gladiator)               Turns: 1817, Time: 00:03:42

Health: -3/48      AC:  3    Str: 18    XL:     4   Next: 37%
Magic:  4/4        EV: 10    Int:  9    God:
Gold:   111        SH:  0    Dex: 12    Spells: 3/3 levels left

rFire   + . .      SeeInvis .    a - +0 war axe
rCold   + . .      Faith    .    (no shield)
rNeg    . . .      Spirit   .    b - +0 robe
rPois   +          Reflect  .    c - +0 hat
rElec   +          Harm     .    (no cloak)
rCorr   +          Rampage  .    (gloves unavailable)
Will    .....                    (boots unavailable)
Stlth   +                        k - amulet of the acrobat
HPRegen 0.28/turn                (no ring)
MPRegen 0.09/turn                (no ring)

@: brilliant, resistant, attractive
A: large, unfitting armour, tough skin 1
a: no special abilities


You were on level 3 of the Dungeon.
You visited 1 branch of the dungeon, and saw 3 of its levels.

You collected 111 gold pieces.

Inventory:

Hand Weapons
 a - a +0 war axe (weapon)
Missiles
 d - 3 throwing nets (quivered)
 f - 23 stones
 i - 3 poisoned darts
Armour
 b - a +0 robe (worn)
 c - a +0 hat (worn)
Jewellery
 k - an amulet of the acrobat (around neck)
Scrolls
 g - a scroll of enchant weapon {unknown}
 l - a scroll of enchant armour {unknown}
 m - a scroll of amnesia {unknown}
 q - 2 scrolls of immolation {unknown}
 r - a scroll of fog {unknown}
 s - a scroll of identify {unknown}
 u - a scroll of teleportation {unknown}
Potions
 h - 2 potions of brilliance
 o - 2 potions of curing
 p - a potion of mutation {unknown}
 t - a potion of might {unknown}


   Skills:
 + Level 4.1 Fighting
 - Level 3.0 Axes
 + Level 3.0 Throwing
 + Level 3.4 Dodging


You had 3 spell levels left.
You didn't know any spells.
Your spell library contained the following spells:

 Spells                   Type           Power      Damage    Failure   Level
 Fireball                 Conj/Fire      0%         3d3       100%        5
 Iskenderun's Battlesphe  Conj           0%         2d6       100%        5
 Conjure Ball Lightning   Conj/Air       0%         3x3d6     100%        6
 Orb of Destruction       Conj           0%         9d5       100%        7


Dungeon Overview and Level Annotations

Branches:
Dungeon (3/15)

Altars:

Annotations:
D:1 1 runed translucent door
D:3 Grinder


Innate Abilities, Weirdness & Mutations

You are too large for most types of armour.
You have tough skin. (AC +1)


Message History

Grinder hits you but does no damage.
You hit Grinder.
Grinder is lightly wounded.
You closely miss the ball python. The ball python barely misses you.
Grinder gestures at you.
You barely resist.
The ball python bites you but does no damage.
You closely miss Grinder.
Grinder is lightly wounded.
You closely miss the ball python. Grinder hits you.
You writhe in agony.
The ball python closely misses you. Grinder hits you.
You writhe in agony.
You closely miss Grinder.
Grinder is lightly wounded.
You hit the ball python.
You kill the ball python!
Grinder hits you!
* * * LOW HITPOINT WARNING * * *
You writhe in agony.
* * * LOW HITPOINT WARNING * * *
You closely miss Grinder.
Grinder is lightly wounded.
Grinder hits you.
* * * LOW HITPOINT WARNING * * *
It was a potion of brilliance.
You feel clever all of a sudden. Grinder hits you.
* * * LOW HITPOINT WARNING * * *
You writhe in agony.
* * * LOW HITPOINT WARNING * * *
It was a potion of curing.
You feel better. Grinder gestures at you.
You barely resist.
It was a potion of resistance.
You feel protected.
Grinder blinks!
It was a potion of attraction.
You feel attractive to monsters. Grinder gestures at you.
Pain shoots through your body!
You die...

#..# .# ## ..##.####
####### .. .........
#...... .###. ##.#.....
#...... ......#......
#......
#.....#..#.#######......
#.......................
..#@ยง.(#####........
#.............#.<....
####..##.....##......
#......##.#########
..5..........#
......######### ..#.#..#
....####


You could see Grinder.

Vanquished Creatures
  2 adders (D:2)
  2 worms (D:2)
  2 dart slugs (D:1)
  4 ball pythons
  A bat (D:2)
  4 endoplasms
  A giant cockroach (D:2)
  8 goblins
  8 hobgoblins
  7 jackals (D:1)
  A quokka (D:1)
  2 kobolds
  2 rats (D:1)
44 creatures vanquished.

Notes
Turn   | Place    | Note
-------+----------+-------------------------------------------
     0 | D:1      | Smoke131 the Ogre Gladiator began the quest for the Orb.
     0 | D:1      | Reached XP level 1. HP: 22/22 MP: 1/1
     2 | D:1      | Found a runed translucent door.
   100 | D:1      | Reached skill level 3 in Fighting
   100 | D:1      | Reached XP level 2. HP: 12/31 MP: 2/2
   644 | D:1      | Reached XP level 3. HP: 34/37 MP: 3/3
  1521 | D:2      | Reached XP level 4. HP: 48/48 MP: 4/4
  1540 | D:2      | Reached skill level 4 in Fighting
  1803 | D:3      | Noticed Grinder
  1814 | D:3      | HP: 2/48 [Grinder (1)]
  1817 | D:3      | Killed from afar by Grinder

Illustrated notes

Levels and vault maps discovered:
D:1:      dpeg_arrival_caged_fury, layout_loops_ring,
          chequers_serial_rivers_small_b
D:2:      layout_basic, chequers_serial_rivers_micro_b
D:3:      layout_rooms, nicolae_overflow_crystal_walls, uniq_ijyb, uniq_grinder

Skill      XL: |  1  2  3  4 |
---------------+-------------+-----
Fighting       | 3 4 |  4.1
Dodging        | 3 |  3.4
Throwing       | 3 |  3.0
Axes           | |  3.0

Action                     |  1- 3 |  4- 6 || total
---------------------------+-------+-------++-------
  Melee: War axe           |   117 |    28 ||   145
         Punch             |     1 |       ||     1
  Throw: Large rock        |       |     1 ||     1
    Use: Potion            |       |     4 ||     4
 Armour: Robe              |    37 |     7 ||    44
  Dodge: Dodged            |    85 |    17 ||   102

Table legend: (Time is in decaauts)
 A = Elapsed time spent in this place.
 B = Non-inter-level travel time spent in this place.
 C = Inter-level travel time spent in this place.
 D = Time resting spent in this place.
 E = Time spent auto-exploring this place.
 F = Levels seen in this place.
 G = Mean time per level.
                   A        B        C        D        E       F      G
               +--------+--------+--------+--------+--------+-----+--------+
         Total |   1868 |   1805 |     63 |    282 |   1046 |   3 |  622.7 |
       Dungeon |   1868 |   1805 |     63 |    282 |   1046 |   3 |  622.7 |
               +--------+--------+--------+--------+--------+-----+--------+

Top non-repeatable levels by time:
     D:1: 949 daAuts
     D:2: 885 daAuts
     D:3: 33 daAuts
